 Dungeon Crawl Stone Soup version 0.27-a0-1322-gfdffb62a71 (webtiles) character file.

Game seed: 7097569181992153969

38 Anon1729 the Skirmisher (level 3, -3/31 HPs)
             Began as a Palentonga Fighter on June 22, 2021.
             Slain by Terence (7 damage)
             ... on level 2 of the Dungeon.
             The game lasted 00:01:18 (1769 turns).

Anon1729 the Skirmisher (Palentonga Fighter)        Turns: 1769, Time: 00:01:18

Health: -3/31      AC:  9    Str: 20    XL:     3   Next: 25%
Magic:  3/3        EV:  1    Int:  8    God:
Gold:   75         SH:  8    Dex:  9    Spells: 2/2 levels left

rFire    . . .     SeeInvis +   a - +0 flail
rCold    . . .     Faith    .   c - +0 kite shield
rNeg     . . .     Spirit   .   g - +0 plate armour
rPois    .         Reflect  .   (no helmet)
rElec    .         Harm     .   (no cloak)
rCorr    .         Rampage  .   (no gloves)
Will     .....                  (no barding)
Stlth    ..........             (no amulet)
HPRegen  0.10/turn              (no ring)
MPRegen  0.08/turn              (no ring)

@: no status effects
A: large, rugged brown scales 3, see invisible, deformed body, roll 1, armoured
tail
a: Rolling Charge


You were on level 2 of the Dungeon.
You visited 1 branch of the dungeon, and saw 2 of its levels.

You collected 75 gold pieces.

Inventory:

Hand Weapons
 a - a +0 flail (weapon)
Armour
 b - a +0 scale mail
 c - a +0 kite shield (worn)
 g - a +0 plate armour (worn)
Scrolls
 f - a scroll of identify {unknown}
Potions
 d - a potion of might
 e - 2 potions of curing {unknown}


   Skills:
 + Level 3.3 Fighting
 + Level 2.5 Maces & Flails
 + Level 2.7 Armour
 + Level 2.8 Shields


You had 2 spell levels left.
You didn't know any spells.
Your spell library contained the following spells:

 Spells                   Type           Power      Damage    Failure   Level
 Beastly Appendage        Tmut           0%         N/A       100%        1
 Wereblood                Tmut           0%         N/A       100%        2
 Spider Form              Tmut/Pois      0%         N/A       100%        3
 Ice Form                 Ice/Tmut       0%         N/A       100%        4


Dungeon Overview and Level Annotations

Branches:
Dungeon (2/15)

Altars:

Shops:
D:2 *

Annotations:
D:2 Terence


Innate Abilities, Weirdness & Mutations

You are completely covered in rugged brown scales. (AC +3, +7% HP)
You have supernaturally acute eyesight. (SInv)
Armour fits poorly on your strangely shaped body.
You can roll at nearby foes to attack.
You have a long armoured tail.


Message History

You are too injured to fight recklessly!
You are too injured to fight recklessly!
You are too injured to fight recklessly!
You are too injured to fight recklessly!
You are too injured to fight recklessly!
You are too injured to fight recklessly!
You are too injured to fight recklessly!
You are too injured to fight recklessly!
You hit Terence.
Terence is heavily wounded.
Terence hits you with a +0 flail.
* * * LOW HITPOINT WARNING * * *
Terence hits you but does no damage.
There is an open door here.
Roll where?
Press: ? - help, Dir - move target, f/p - Terence
Aim: Terence, wielding a +0 flail and wearing a +0 scale mail (heavily wounded)
You roll forward with a clatter of scales!
You hit Terence but do no damage.
Terence is heavily wounded.
Terence hits you with a +0 flail.
* * * LOW HITPOINT WARNING * * *
A dart slug comes into view.
Terence barely misses you.
You barely miss Terence.
Terence is heavily wounded.
Terence hits you with a +0 flail.
* * * LOW HITPOINT WARNING * * *
Terence says, "Don't bother to defend, it's pointless."
Terence hits you with a +0 flail.
* * * LOW HITPOINT WARNING * * *
There is an open door here.
Roll where?
Press: ? - help, Dir - move target, f/p - Terence
Aim: Terence, wielding a +0 flail and wearing a +0 scale mail (heavily wounded)
You roll forward with a clatter of scales!
You hit Terence but do no damage.
Terence is heavily wounded.
Terence hits you with a +0 flail!
You die...

#########
####.......
..........#
..........+
..........#####
.........w'.w.#
..........###.#
..........# #@#
..........# #@#
#............#
#○#
.............#
#.#
≈#.#≈........#
#.#
≈#.#≈≈≈......#
#.#
≈#.#≈≈≈≈....
#.#
≈#.#≈≈≈≈≈...
#.# ≈#.# ≈≈≈..#
#.#
##.#####≈≈.#
#.#


You could see Terence and a dart slug.

Vanquished Creatures
  2 dart slugs
  4 endoplasms
  2 goblins
  A hobgoblin (D:1)
  10 jackals (D:2)
  3 ball pythons
  4 bats
  3 kobolds
  2 rats (D:2)
31 creatures vanquished.

Notes
Turn   | Place    | Note
-------+----------+-------------------------------------------
     0 | D:1      | Anon1729 the Palentonga Fighter began the quest for the
                  | Orb.
     0 | D:1      | Reached XP level 1. HP: 19/19 MP: 1/1
   127 | D:1      | Found a faded altar of an unknown god.
   509 | D:1      | Reached XP level 2. HP: 25/25 MP: 2/2
  1485 | D:2      | Reached XP level 3. HP: 23/31 MP: 3/3
  1650 | D:2      | Found Vokkusil's General Store.
  1749 | D:2      | Noticed Terence
  1769 | D:2      | Slain by Terence

Illustrated notes

Levels and vault maps discovered:
D:1:      dpeg_arrival_long_road, layout_loops_corners,
          shapermc_ecumenical_altar_starsandcircs, lemuel_old_faithful
D:2:      layout_basic, serial_shops, nicolae_shop_window_shopping,
          grunt_decor_junction, uniq_terence

Action                   || total
-------------------------++-------
Melee: Flail             ||   108
       Tailslap          ||     8
 Abil: Rolling Charge    ||     5
Armor: Scale mail        ||    37
       Plate armour      ||    35
Dodge: Dodged            ||    18
Block: Kite shield       ||    54

Table legend: (Time is in decaauts)
 A = Elapsed time spent in this place.
 B = Non-inter-level travel time spent in this place.
 C = Inter-level travel time spent in this place.
 D = Time resting spent in this place.
 E = Time spent auto-exploring this place.
 F = Levels seen in this place.
 G = Mean time per level.
                   A        B        C        D        E       F      G
               +--------+--------+--------+--------+--------+-----+--------+
         Total |   1824 |   1766 |     58 |      0 |   1509 |   2 |  912.0 |
       Dungeon |   1824 |   1766 |     58 |      0 |   1509 |   2 |  912.0 |
               +--------+--------+--------+--------+--------+-----+--------+

Top non-repeatable levels by time:
     D:1: 1097 daAuts
     D:2: 727 daAuts
